 Dungeon Crawl Stone Soup version 0.20-a0-390-g4892b34 (webtiles) character file.

88 hairmachine the Ruffian (level 4, -2/36 HPs)
             Began as a Ghoul Warper on Dec 30, 2016.
             Slain by an iguana (9 damage)
             ... on level 3 of the Dungeon.
             The game lasted 00:04:13 (1335 turns).

hairmachine the Ruffian (Ghoul Warper)              Turns: 1335, Time: 00:04:15

Health: -2/36      AC:  3    Str: 20    XL:     4   Next: 53%
Magic:  5/5        EV: 11    Int:  8    God:
Gold:   61         SH:  0    Dex:  8    Spells: 6/6 levels left

rFire  . . .     SeeInvis .       - Unarmed
rCold  + . .     Gourm    .     a - +0 leather armour
rNeg   + + +     Faith    .     (no shield)
rPois  ∞         Spirit   .     (no helmet)
rElec  .         Reflect  .     (no cloak)
rCorr  .         Harm     .     (no gloves)
MR     .....                    (no boots)
Stlth  +.........               (no amulet)
                                (no ring)
                                (no ring)

@: mighty, rotting
A: rotting body, claws 1, carnivore 3, cold resistance 1, negative energy
resistance 3, slow regeneration 1, torment resistance, unbreathing
a: no special abilities


You were on level 3 of the Dungeon.
You were not hungry.

You visited 1 branch of the dungeon, and saw 3 of its levels.

You collected 61 gold pieces.


Innate Abilities, Weirdness & Mutations

Your body is rotting away.
You thrive on raw meat.
You are immune to poison.
You have sharp fingernails.
You are carnivorous and can eat meat at any time.
Your flesh is cold resistant. (rC+)
You are immune to negative energy. (rN+++)
You regenerate slowly when monsters are visible.
You are immune to unholy pain and torment.
You can survive without breathing.


   Skills:
 - Level 2.1 Fighting
 - Level 0.8 Throwing
 - Level 0.8 Armour
 - Level 1.7 Dodging
 + Level 5.0 Unarmed Combat
 - Level 1.7 Spellcasting
   Level 2.6 Translocations


You had 6 spell levels left.
You didn't know any spells.

Inventory:

Missiles
 d - 5 tomahawks of dispersal {=f}
Armour
 a - a +0 leather armour (worn)
Scrolls
 c - a scroll of magic mapping {!r, unknown}
 h - a scroll of identify {!r, unknown}
 L - 2 scrolls of blinking {!r}
Potions
 j - a potion of berserk rage {!q, unknown}
 l - a potion of curing {!q}
 m - a potion of flight {!q, unknown}
Books
 b - a book of Spatial Translocations

   Spells                             Type                      Level
   a - Blink                          Translocation                2
   b - Shroud of Golubria             Charms/Translocation         2
   c - Lesser Beckoning               Translocation                3
   d - Portal Projectile              Translocation                3
   e - Teleport Other                 Translocation                3
   f - Passage of Golubria            Translocation                4
Comestibles
 f - 2 meat rations
 i - 6 chunks of flesh

Dungeon Overview and Level Annotations

Branches:
Dungeon (3/15)

Altars:

Annotations:
D:2 Sigmund

#.# ##.## ######
#@###...####......
#.l.†.....<.......
#####...####.#####
##.## .# #.......#
#########


You could see an iguana.


Message History

You close the door.
Ijyb opens the door.
Ijyb screams, "Get away!"
You claw Ijyb!
Ijyb is moderately wounded.
Ijyb barely misses you.
You scratch Ijyb but do no damage.
Ijyb is moderately wounded.
Ijyb hits you but does no damage.
You scratch Ijyb.
Ijyb is heavily wounded.
Ijyb closely misses you.
You claw Ijyb!
Ijyb is almost dead.
Ijyb hits you with a dagger.
Damage: -6%(-2hp) hp: 94%(27hp)
You closely miss Ijyb.
Ijyb is almost dead.
You closely miss Ijyb.
Ijyb is almost dead.
Ijyb hits you but does no damage.
You barely miss Ijyb.
Ijyb is almost dead.
Ijyb hits you but does no damage.
You closely miss Ijyb.
Ijyb is almost dead.
Ijyb closely misses you.
You closely miss Ijyb.
Ijyb is almost dead.
Ijyb hits you but does no damage.
You closely miss Ijyb.
Ijyb is almost dead.
Ijyb closely misses you.
You claw Ijyb!
You kill Ijyb!
You have reached level 4!
Things that are here:
a dagger; the goblin corpse of Ijyb You butcher the goblin corpse of Ijyb.
i - 7 chunks of flesh (gained 1)
Things that are here:
a dagger; the goblin skeleton of Ijyb Eating one of 7 chunks of flesh.
You eat one of the 7 chunks of flesh.
This raw flesh tastes great!
Press: ? - help, . - travel You can't see that place. [the floor.] Sigmund shouts!
Sigmund is too close now for your liking.
Unknown command.
Okay, then.
A frilled lizard comes into view.
The frilled lizard hisses angrily.
The frilled lizard bites you but does no damage.
Things that are here:
a dagger; the goblin skeleton of Ijyb You see here a rat skeleton.
There is a stone staircase leading down here.
The frilled lizard closely misses you.
You climb downwards.
An iguana comes into view.
The iguana hisses angrily.
There is a stone staircase leading up here.
You barely miss the frilled lizard. You claw the frilled lizard.
You kill the frilled lizard!
There is a stone staircase leading up here.
An adder comes into view.
The adder hisses angrily.
You scratch the adder.
The adder is severely wounded.
The adder bites you but does no damage.
You scratch the adder.
You kill the adder!
Your Unarmed Combat skill increases to level 5!
You see here an adder corpse.
You scratch the iguana but do no damage.
The iguana bites you!
* * * LOW HITPOINT WARNING * * *
Huge Dmg: -30%(-11hp) hp: 70%(25hp)
You closely miss the iguana. The iguana bites you!
* * * LOW HITPOINT WARNING * * *
Huge Dmg: -22%(-8hp) hp: 48%(17hp)
You scratch the iguana but do no damage.
The iguana bites you!
* * * LOW HITPOINT WARNING * * *
Huge Dmg: -23%(-8hp) hp: 25%(9hp) Really quaff
e - a murky grey potion {!q}?
It was a potion of magic {!q}.
Magic courses through your body. The iguana bites you.
* * * LOW HITPOINT WARNING * * *
Huge Dmg: -11%(-4hp) hp: 17%(6hp) Really quaff
g - a viscous cyan potion {!q}?
It was a potion of might {!q}.
You feel very mighty all of a sudden. The iguana bites you.
* * * LOW HITPOINT WARNING * * *
Huge Dmg: -14%(-5hp) hp: 3%(1hp) Really quaff
l - 2 coppery potions {!q}?
It was a potion of curing {!q}.
You feel better. The iguana bites you!
You die...

Vault maps used:
D:1:      dpeg_arrival_connections
D:2:      first_bread, st_stairs_7, uniq_iyjb, uniq_sigmund
D:3:      led_sif_pool, corexii_corridor_pit, kennysheep_generic_room_12

Notes
Turn   | Place    | Note
-------+----------+-------------------------------------------
     0 | D:1      | hairmachine the Ghoul Warper began the quest for the Orb.
     0 | D:1      | Reached XP level 1. HP: 17/17 MP: 2/2
   387 | D:1      | Reached skill level 3 in Unarmed Combat
   387 | D:1      | Reached XP level 2. HP: 24/24 MP: 3/3
   904 | D:2      | Reached XP level 3. HP: 20/29 MP: 4/4
  1106 | D:2      | Reached skill level 4 in Unarmed Combat
  1246 | D:2      | Noticed Ijyb
  1247 | D:2      | Noticed Sigmund
  1277 | D:2      | Killed Ijyb
  1277 | D:2      | Reached XP level 4. HP: 34/36 MP: 5/5
  1325 | D:3      | Reached skill level 5 in Unarmed Combat
  1334 | D:3      | HP: 1/36 [iguana (5)]
  1335 | D:3      | Slain by an iguana

Vanquished Creatures
  Ijyb (D:2)
  2 adders
  A worm (D:2)
  A dart slug (D:2)
  A leopard gecko (D:1)
  2 giant cockroaches (D:2)
  3 goblins
  6 hobgoblins
  2 jackals (D:1)
  3 kobolds
  A quokka (D:2)
  7 bats
  2 frilled lizards
  7 rats
39 creatures vanquished.

Action                   |  1- 3 |  4- 6 || total
-------------------------+-------+-------++-------
Melee: Unarmed           |   124 |     6 ||   130
       Punch             |     2 |     1 ||     3
Throw: Stone             |    11 |       ||    11
  Use: Potion            |       |     3 ||     3
  Eat: Chunk             |    13 |     1 ||    14
Armor: Leather armour    |    33 |     2 ||    35
Dodge: Dodged            |    61 |     1 ||    62

Skill      XL: |  1  2  3  4 |
---------------+-------------+-----
Unarmed Combat | 3 4 5 |  5.0
Fighting       | |  2.1
Throwing       | |  0.8
Armour         | |  0.8
Dodging        | |  1.7
Spellcasting   | |  1.7
Translocations | |  2.6
